 Dungeon Crawl Stone Soup version 0.24-a0-479-g9a978d2894 (webtiles) character file.

Game seed: 12661922684670452522

288 Azzok the Firebug (level 6, -8/45 HPs)
             Began as a Draconian Fire Elementalist on July 6, 2019.
             Killed from afar by an orc wizard (9 damage)
             ... with a magic dart
             ... on level 4 of the Dungeon.
             The game lasted 00:05:24 (4813 turns).

Azzok the Firebug (Draconian Fire Elementalist)     Turns: 4813, Time: 00:05:25

Health: -8/45      AC: 10    Str: 10    XL:     6   Next: 9%
Magic:  3/11       EV: 12    Int: 17    God:
Gold:   135        SH:  0    Dex: 12    Spells: 4/12 levels left

rFire    . . .     SeeInvis .   p - +1 dagger (elec)
rCold    . . .     Gourm    .   (no shield)
rNeg     . . .     Faith    .   (armour unavailable)
rPois    .         Spirit   .   (helmet restricted)
rElec    .         Reflect  .   h - +2 cloak
rCorr    .         Harm     .   (no gloves)
MR       .....                  i - +0 pair of boots
Stlth    ++........             (no amulet)
HPRegen  0.15/turn              (no ring)
MPRegen  0.12/turn              (no ring)

@: no status effects
A: unfitting armour, cold-blooded, AC +6
a: no special abilities


You were on level 4 of the Dungeon.
You were not hungry.

You visited 1 branch of the dungeon, and saw 4 of its levels.

You collected 135 gold pieces.

Inventory:

Hand Weapons
 p - a +1 dagger of electrocution (weapon)
Armour
 h - a +2 cloak (worn)
 i - a +0 pair of boots (worn)
Scrolls
 a - 3 scrolls of enchant weapon {unknown}
 c - a scroll of blinking {unknown}
 d - 7 scrolls of identify {unknown}
 e - 4 scrolls of teleportation {unknown}
 g - a scroll of immolation {unknown}
 j - 2 scrolls of remove curse {unknown}
 k - 4 scrolls of amnesia {unknown}
 m - a scroll of fog {unknown}
Potions
 f - 3 potions of curing {unknown}
 l - a potion of brilliance {unknown}
 n - a potion of agility {unknown}
 o - a potion of flight {unknown}
Comestibles
 b - 11 rations
 q - 12 chunks of flesh


   Skills:
 - Level 1.7 Dodging
 - Level 1.7 Stealth
 + Level 3.7 Spellcasting
 + Level 3.5 Conjurations
 + Level 4.6 Fire Magic


You had 4 spell levels left.
You knew the following spells:

 Your Spells              Type           Power        Failure   Level  Hunger
a - Flame Tongue          Conj/Fire      ###..        3%          1    None
b - Conjure Flame         Conj/Fire      ###.....     9%          3    ###....
c - Sticky Flame          Conj/Fire      ###.....     30%         4    ####...

Your spell library contained the following spells:

 Spells                   Type           Power        Failure   Level  Hunger
 Throw Flame              Conj/Fire      ###...       4%          2    ##.....
 Inner Flame              Hex/Fire       ##......     19%         3    ###....
 Fireball                 Conj/Fire      ###.......   63%         5    ######.


Dungeon Overview and Level Annotations

Branches:
Dungeon (4/15)
 Temple: D:4-7

Altars:
Makhleb
Qazlal
Ru
Xom
Zin

Annotations:
D:4 Robin


Innate Abilities, Weirdness & Mutations

Your plain brown scales are hard. (AC +6)
You cannot fit into any form of body armour.
You are cold-blooded and may be slowed by cold attacks.


Message History

Aim: an orc wizard, wielding a -1 dagger and wearing a +0 robe (almost dead)
The flame tongue misses the orc wizard.
* * * LOW MAGIC WARNING * * *
The orc wizard hits you but does no damage. x2
The orc wizard casts a spell at you. The puff of frost hits you.
* * * LOW HITPOINT WARNING * * *
Robin says, "My goblins will feast on your bones."
The orc wizard points at you and mumbles some strange words.
The puff of flame hits you.
* * * LOW HITPOINT WARNING * * *
The orc wizard gestures wildly while chanting.
The orc wizard flickers and vanishes!
Deactivating autopickup; reactivate with Ctrl-A.
The orc wizard casts a spell at you. The puff of frost hits you.
* * * LOW HITPOINT WARNING * * *
The orc wizard casts a spell at you. The magic dart hits you!
You die...

▒·▒ ········' ▒·▒ ▒·····▒
········▒ ▒·▒ ▒·····▒ ▒╬▒ ▒·▒
··· ·····▒▒▒▒▒·▒▒▒▒▒▒▒†▒ ▒·▒
▒····▒·············▒ ▒·▒
▒···▒▒·············▒ ▒·▒▒▒▒▒▒
▒··▒▒····g········▒
···÷···▒▒▒▒▒▒·<▒▒···oo{·······▒
▒)▒▒············@▒▒▒▒oo·······▒
▒)▒▒····[·····(··▒ ▒▒▒▒▒·····▒
▒)▒▒··········>··▒ ▒·····▒
▒(▒▒···········)·▒ ▒·····▒
▒·▒▒·············▒ ▒·····▒
(·▒▒▒▒╬▒▒·········· ▒·····▒ (·▒
▒·▒▒···▒···· ▒·····▒ ··▒
·······▒·▒▒· ····)·· ·····
········


You could see Robin, an orc wizard and an orc.

Vanquished Creatures
  A howler monkey (D:4)
  An orc priest (D:3)
  An orc wizard (D:3)
  A worker ant (D:4)
  A gnoll (D:1)
  5 adders
  A worm (D:2)
  2 dart slugs
  A leopard gecko (D:2)
  5 orcs (D:3)
  2 giant cockroaches
  26 goblins
  9 hobgoblins
  15 jackals
  A quokka (D:3)
  7 bats
  3 frilled lizards
  9 kobolds
  9 rats
100 creatures vanquished.

Notes
Turn   | Place    | Note
-------+----------+-------------------------------------------
     0 | D:1      | Azzok the Draconian Fire Elementalist began the quest for
                  | the Orb.
     0 | D:1      | Reached XP level 1. HP: 14/14 MP: 3/3
   283 | D:1      | Reached XP level 2. HP: 11/20 MP: 1/5
   870 | D:1      | Reached XP level 3. HP: 6/26 MP: 0/6
  2660 | D:2      | Found a burning altar of Makhleb.
  2660 | D:2      | Found a shimmering altar of Xom.
  2688 | D:2      | Found a glowing silver altar of Zin.
  2690 | D:2      | Found a faded altar of an unknown god.
  2691 | D:2      | Found a stormy altar of Qazlal.
  2702 | D:2      | Learned a level 3 spell: Conjure Flame
  2803 | D:3      | Reached XP level 4. HP: 33/33 MP: 4/8
  2812 | D:3      | Learned a level 4 spell: Sticky Flame
  3052 | D:3      | Reached skill level 4 in Fire Magic
  3159 | D:3      | Reached XP level 5. HP: 27/38 MP: 3/9
  3472 | D:3      | Found a sacrificial altar of Ru.
  4380 | D:4      | Noticed Robin
  4791 | D:4      | Reached XP level 6. HP: 41/45 MP: 5/11
  4808 | D:4      | HP: 2/45 [orc wizard/puff of flame (6)]
  4813 | D:4      | Killed from afar by an orc wizard

Levels and vault maps discovered:
D:1:      eino_arrival_cavern_e, layout_basic, st_stairs_12
D:2:      layout_basic, chequers_temple_overflow_minitemple
D:3:      kennysheep_the_goblin_king, layout_basic, nicolae_ru_path_of_blood,
          first_ration
D:4:      layout_basic, minmay_temple_entry_ruins, okawaru_gym_becter,
          uniq_robin

Skill      XL: |  1  2  3  4  5 |
---------------+----------------+-----
Conjurations   | 2 3 |  3.5
Spellcasting   | 3 |  3.7
Fire Magic     | 4 |  4.6
Dodging        | |  1.7
Stealth        | |  1.7

Action                   |  1- 3 |  4- 6 || total
-------------------------+-------+-------++-------
Melee: Unarmed           |    57 |       ||    57
       Tailslap          |     7 |     4 ||    11
       Dagger            |       |    19 ||    19
 Cast: Flame Tongue      |    83 |    93 ||   176
 Stab: Sleeping          |       |     1 ||     1
  Eat: Chunk             |     7 |     6 ||    13
Armor: Skin              |    32 |    36 ||    68
Dodge: Dodged            |    86 |    50 ||   136

Table legend:
 A = Non-vault XP
 B = Vault XP
 C = Vault XP percentage of total XP
 D = Non-vault monster count
 E = Vault monster count
 F = Vault count percentage of total count
                 A         B        C        D         E       F
            +---------+---------+-------+---------+---------+-------
      Total |     376 |      36 |   8.7 |      80 |      20 |  20.0
            +---------+---------+-------+---------+---------+-------
        D:1 |      50 |       3 |   5.7 |      23 |       2 |   8.0
        D:2 |      35 |       0 |   0.0 |      19 |       0 |   0.0
        D:3 |     180 |      12 |   6.2 |      31 |       7 |  18.4
        D:4 |     111 |      21 |  15.9 |       7 |      11 |  61.1
            +---------+---------+-------+---------+---------+-------
